 Dungeon Crawl Stone Soup version 0.28-b1-25-g9875b3fc8c (webtiles) character file.

Game seed: 10513566761680384714

105 unlimited1921 the Shield-Bearer (level 4, -1/24 HPs)
             Began as a Vine Stalker Fighter on Jan 30, 2022.
             Killed by divine providence
             ... invoked by an orc priest
              (13 damage)
             ... on level 2 of the Dungeon on Jan 31, 2022.
             The game lasted 00:06:21 (1253 turns).

unlimited1921 the Shield-Bearer (VSFi)              Turns: 1253, Time: 00:06:21

Health: -1/24      AC:  6    Str: 20    XL:     4   Next: 83%
Magic:  0/5        EV:  9    Int:  8    God:
Gold:   25         SH:  5    Dex: 14    Spells: 3/3 levels left

rFire   . . .      SeeInvis .   a - +0 war axe
rCold   . . .      Faith    .   c - +0 buckler
rNeg    . . .      Spirit   +   b - +0 scale mail
rPois   .          Reflect  .   (no helmet)
rElec   .          Harm     .   (no cloak)
rCorr   .          Rampage  .   (no gloves)
Will    .....                   (no boots)
Stlth   ..........              (no amulet)
HPRegen 0.88/turn               (no ring)
MPRegen 0.09/turn               (no ring)

@: no status effects
A: fangs 2, regeneration 1, magic shield, antimagic bite, no potion heal 2
a: no special abilities


You were on level 2 of the Dungeon.
You visited 1 branch of the dungeon, and saw 2 of its levels.

You collected 25 gold pieces.

Inventory:

Hand Weapons
 a - a +0 war axe (weapon)
 e - a +0 short sword
Missiles
 f - 18 stones (quivered)
 g - 43 bolts
 i - a throwing net
Armour
 b - a +0 scale mail (worn)
 c - a +0 buckler (worn)
Scrolls
 h - a scroll of enchant armour {unknown}
 j - a scroll of amnesia {unknown}
Potions
 d - a potion of might


   Skills:
 + Level 3.1 Fighting
 + Level 2.6 Axes
 + Level 3.2 Armour
 + Level 0.1 Dodging
 + Level 0.4 Stealth
 + Level 3.3 Shields


You had 3 spell levels left.
You didn't know any spells.
Your spell library was empty.

Dungeon Overview and Level Annotations

Branches:
Dungeon (2/15)

Altars:

Annotations:
D:1 Terence


Innate Abilities, Weirdness & Mutations

You have extremely sharp teeth.
Your natural rate of healing is unusually fast.
When hurt, damage is shared between your health and your magic reserves.
Your bite disrupts and absorbs the magic of your enemies.
Potions cannot restore your health.


Message History

The orc shouts!
You hear a shout! x2 2 orcs come into view.
The orc shouts!
The orc priest shouts!
The orc shouts!
The orc misses you.
The orc priest calls down the wrath of Beogh upon you.
Beogh smites you!
You closely miss the orc.
An orc comes into view. It is wielding a +0 short sword.
You block the orc's attack.
You hit the orc.
The orc is moderately wounded.
The orc closely misses you. The orc barely misses you.
You barely miss the orc. You bite the orc, but do no damage.
The orc is moderately wounded.
The orc closely misses you.
You hit the orc but do no damage.
The orc is moderately wounded.
The orc hits you but does no damage. The orc hits you with a +0 flail!
You are too injured to fight recklessly!
You hit the orc.
The orc is severely wounded.
The orc hits you but does no damage.
You slash the orc!
You kill the orc!
The orc closely misses you.
You hit the orc.
You kill the orc!
You hit the orc priest.
You bite the orc priest, but do no damage.
The orc priest is heavily wounded.
The orc priest mumbles some strange prayers to Beogh against you.
Beogh smites you!
The orc priest mumbles some strange prayers to Beogh against you.
Pain shoots through your body!
* * * LOW HITPOINT WARNING * * *
You see here a +0 club.
The orc priest calls down the wrath of Beogh upon you.
Beogh smites you!
Ouch! That really hurt!
You die...

#.)########
##.# #o#
#o# #.#
#o## #.†##
##...####
#.@.....+
##...####
#..## #.##
#.# #.# #+#
#.# ### #.#
#.###.##
#.#
##.##.#.##
##.##


You could see an orc priest and 2 orcs.

Vanquished Creatures
  A necrophage (D:2)
  A worm (D:2)
  2 orcs (D:2)
  An endoplasm (D:2)
  2 goblins
  3 kobolds
  A quokka (D:1)
  A ball python (D:2)
  2 frilled lizards (D:2)
  3 rats (D:1)
17 creatures vanquished.

Vanquished Creatures (others)
  A plant (D:1)
1 creature vanquished.

Grand Total: 18 creatures vanquished

Notes
Turn   | Place    | Note
-------+----------+-------------------------------------------
     0 | D:1      | unlimited1921 the Vine Stalker Fighter began the quest for
                  | the Orb.
     0 | D:1      | Reached XP level 1. HP: 11/11 MP: 2/2
    53 | D:1      | Reached XP level 2. HP: 9/16 MP: 3/3
   107 | D:1      | You fall into a shaft and drop 1 floor!
   682 | D:2      | Noticed Terence
   697 | D:2      | Upgraded the game from 0.28-b1-1-g3c77fb2ed1 to
                  | 0.28-b1-25-g9875b3fc8c
  1161 | D:2      | Noticed a necrophage
  1170 | D:2      | Killed a necrophage
  1171 | D:2      | Reached XP level 3. HP: 12/20 MP: 2/4
  1171 | D:2      | Gained mutation: Your natural rate of healing is unusually
                  | fast. [Vine Stalker growth]
  1171 | D:2      | Reached XP level 4. HP: 15/24 MP: 2/5
  1253 | D:2      | Killed from afar by an orc priest

Illustrated notes

Levels and vault maps discovered:
D:1:      minmay_arrival_split_and_join, layout_loops_ring,
          shapermc_ecumenical_altar_petra, minmay_misc_feat_pillars
D:2:      layout_loops_corners, uniq_terence

Skill      XL: |  1  2 |
---------------+-------+-----
Shields        | 3 |  3.3
Fighting       | 3 |  3.1
Axes           | 2 |  2.6
Armour         | 3 |  3.2
Dodging        | |  0.1
Stealth        | |  0.4

Action                   |  1- 3 |  4- 6 || total
-------------------------+-------+-------++-------
Melee: War axe           |    28 |    11 ||    39
       Bite              |     7 |     2 ||     9
Throw: Throwing net      |     1 |       ||     1
Armor: Scale mail        |    13 |     3 ||    16
Dodge: Dodged            |    16 |     6 ||    22
Block: Buckler           |     9 |     1 ||    10
